Truism, chaotic male elven Priest --- |..-- --...| ---- --- |....--- |..| ...-|..|...| --.-- ..<.|..---.--- --..| .....|..|.....- |..-- ....--|.........| --- |-.| |.... |.........| --.---..| ----..---|.^--.--.-- --.......-- |..[.)..||..|------ ---- |.........----..----.--..| ---- ----..---..........|..%-- |.....| ---..| ..------ ---.|....|.............--- |.....--|.%..| --....|..---......................| |.......|.---- ----|...............................--- ---..--.|.| |..--B.....|............).%.........| ----|.).--- |..f.@...----..........--.|........-- ---...| |........| |.........------.--...-- --..| --.---.--- ---.--.---- -----..| ---- --- --- --- - ---- Truism the Acolyte Experience level: 5 Strength: 13 Dexterity: 10 Constitution: 10 Intelligence: 14 Wisdom: 19 Charisma: 9 Health: 0(33) Energy: 77(77) Def: 6 Gold: 90 Moves: 1173 Dungeon seed: CYlov5MYw4BDyKCQ Game ID: Truism_1614465023 Your Inventory: Coins $ - 90 gold pieces Weapons a - a blessed corroded +1 mace (weapon in hand) i - a +0 flail l - 24 +0 darts (in quiver) m - a +0 elven dagger o - a +0 aklys t - 3 blessed +1 daggers Armor e - a +0 robe (being worn) n - a +0 small shield (being worn) q - a rusty +0 orcish helm (being worn) y - a +0 dwarvish cloak z - a blessed +1 pair of iron shoes (being worn) Comestibles c - a clove of garlic d - a sprig of wolfsbane Spellbooks f - a spellbook of healing g - a spellbook of detect food Potions b - 4 potions of holy water Tools h - a bell s - 2 tallow candles (0:200) u - a partly used tallow candle (lit) (0:124) Gems r - a worthless piece of red glass N - a worthless piece of blue glass Y - a worthless piece of orange glass Spells and supernatural/magical abilities: Name Level Category Fail Memory h - healing 1 healing 0% 95% E - detect food 2 divination 47% 95% W - pray for help -- divine ? -- X - turn undead -- divine ? -- Your skills at the end: Fighting Skills Weapon Skills mace [Basic] Spellcasting Skills clerical spells [Basic] Final Attributes: You were piously aligned. You were sleep resistant. You had infravision. You were lucky. You are dead. Vanquished creatures: 2 gnome lords 2 dwarves an orc zombie a wererat an acid blob a hobbit a giant rat 8 gnomes a gnome zombie 5 jackals a kobold a goblin 4 sewer rats 2 grid bugs a bat a lichen a newt 34 creatures vanquished. Voluntary challenges: You used a wielded weapon 40 times, starting on turn 147. You read items or engraved 2 times, starting on turn 510. You never genocided any monsters. You never polymorphed an object. You never changed form. You used no wishes. You never split a pudding. You never wrote Elbereth's name. You never violated your personal moral code. Dungeon overview: The Dungeons of Doom: levels 1 to 2 Level 1 a fountain a long staircase Level 2 some fountains stairs to The Gnomish Mines The Gnomish Mines: Level 3 <- You were here stairs to The Dungeons of Doom History has recorded: On T:1 you entered the Dungeons of Doom to retrieve the Amulet of Yendor! On T:506 you reached level 2 of The Dungeons of Doom. On T:787 you reached level 1 of The Gnomish Mines. On T:790 you advanced to experience level 2. On T:800 you advanced to experience level 3. On T:944 you advanced to experience level 4. On T:1138 you advanced to experience level 5. Score breakdown: Gold: 90 ( 6663 points) Experience: 5 levels (11141 points) Exploration: 3 levels ( 6.25%) ( 6188 points) Discoveries: 1 item ( 0.35%) ( 1770 points) Valuables value: (no points given unless you survive) Artifact value: 0 ( 0 points) Variety of kills: 17 monsters ( 4.46%) ( 6336 points) Turncount: 1173 turns ( 0 points) Survival: died (score multiplied by 80%) Total score: 25678 Latest messages: You see here a cursed dagger. You see here an orc corpse. You see here a cursed dagger. You kill the grid bug! You hit the acid blob. You are splashed by the acid blob's acid! Your mace corrodes! You miss the acid blob. (2x) You kill the acid blob! Welcome to experience level 5. You are splashed by its acid! The bat bites! (2x) The bat misses. The bat bites! (2x) The bat misses. The bat bites! (3x) You kill the bat! The bat misses. Qwerty misses the bat. (2x) You miss the bat. The bat bites! Qwerty misses the bat. The bat bites! You miss the bat. The bat bites! You die... Final status: Goodbye Truism the Priest, killed by a bat... You died in The Gnomish Mines on dungeon level 3 with 25678 points, and 90 pieces of gold, after 1173 moves. You were level 5 with a maximum of 33 hit points when you died.